Map: 트라이튼 - 래더

Players

lllllllllll (sOs) - Winner!

  • Race: Protoss Protoss
  • League: Grandmaster
  • Spawn Location: 11:00

Astrea

  • Race: Protoss Protoss
  • League: Grandmaster
  • Spawn Location: 5:00

VOD

Have the link to the VOD?

Description

Time

  • Played on: Jan. 8, 2020, 5:51 a.m.
  • Length: 9:44
Show
View Real Time Build Order
Export as new Build Order

lllllllllll Protoss - Winner!

Build Orders: Oracle Opening, Archon Immortal 

Get SALT Encoding   

  12  0:00  Probe  
  13  0:13  Probe  
  14  0:17  Pylon  
  14  0:25  Probe (Chrono Boost)  
  15  0:37  Probe (Chrono Boost), Gateway  
  16  0:44  Probe (Chrono Boost)  
  16  0:48  Assimilator  
  17  0:51  Probe  
  17  0:54  Assimilator  
  18  1:03  Probe (Chrono Boost)  
  19  1:07  Gateway  
  19  1:12  Probe (Chrono Boost)  
  19  1:17  Probe (Chrono Boost)  
  20  1:24  Cybernetics Core  
  21  1:29  Probe  
  22  1:36  Pylon  
  22  1:41  Probe  
  23  1:55  Probe  
  23  2:01  Stargate  
  24  2:04  Warp Gate  
  24  2:05  Stalker  
  26  2:19  Stalker  
  26  2:21  Pylon  
  28  2:43  Oracle (Chrono Boost)  
  31  2:59  Nexus  
  31  3:05  Robotics Facility  
  31  3:14  Shield Battery  
  31  3:15  Probe  
  32  3:26  Pylon  
  32  3:27  Probe  
  33  3:39  Probe  
  34  3:47  Shield Battery  
  34  3:51  Probe  
  34  3:53  Immortal  
  39  3:56  Sentry  
  39  3:59  Sentry  
  43  4:04  Probe  
  44  4:16  Probe (Chrono Boost)  
  45  4:19  Probe (Chrono Boost)  
  46  4:25  Phoenix  
  46  4:27  Probe (Chrono Boost)  
  46  4:28  Probe (Chrono Boost)  
  50  4:31  Phoenix, Probe (Chrono Boost)  
  50  4:33  Probe (Chrono Boost)  
  52  4:40  Immortal (Chrono Boost)  
  52  4:42  Probe  
  52  4:45  Probe  
  58  4:48  Pylon  
  58  4:56  Probe  
  58  4:57  Probe  
  60  5:08  Warp Prism (Chrono Boost)  
  62  5:17  Probe x2  
  62  5:19  Forge, Twilight Council  
  64  5:32  Gateway  
  64  5:33  Gateway  
  64  5:35  Assimilator  
  64  5:36  Pylon, Assimilator  
  64  5:38  Observer  
  65  5:44  Probe x2  
  65  5:48  Gateway  
  67  5:51  Protoss Ground Weapons Level 1 (Chrono Boost), Gateway  
  67  5:55  Charge  
  67  5:57  Zealot  
  67  5:59  Zealot  
  71  6:05  Probe  
  71  6:09  Pylon  
  72  6:13  Templar Archives  
  72  6:37  Zealot x4  
  80  6:41  Phoenix (Chrono Boost)  
  80  6:44  Probe  
  80  6:45  Pylon  
  83  6:56  Nexus  
  83  6:58  Pylon  
  83  7:05  Phoenix (Chrono Boost)  
  85  7:09  High Templar x2  
  85  7:10  Zealot x2  
  85  7:15  Archon  
  93  7:17  Immortal  
  97  7:28  Phoenix (Chrono Boost)  
  97  7:29  Pylon  
  99  7:34  Pylon  
  99  7:41  Probe x2  
  101  7:48  Gateway  
  101  7:50  Gateway  
  103  7:59  High Templar x2  
  103  8:00  Zealot x4  
  103  8:03  Archon  
  115  8:10  Probe x2  
  116  8:15  Probe  
  116  8:16  Pylon  
  115  8:28  Immortal (Chrono Boost)  
  115  8:34  Probe x3  
  117  8:39  High Templar  
  117  8:40  High Templar, Zealot x4  
  128  8:45  Archon  
  118  9:07  Zealot x4  
  122  9:15  Probe x3  
Show
View Real Time Build Order
Export as new Build Order

Astrea Protoss 

Build Orders: Zealot Archon 

Get SALT Encoding   

  12  0:00  Probe  
  13  0:12  Probe  
  14  0:18  Pylon  
  14  0:25  Probe (Chrono Boost)  
  15  0:37  Probe (Chrono Boost)  
  15  0:38  Gateway  
  16  0:44  Probe (Chrono Boost)  
  16  0:47  Assimilator  
  17  0:51  Probe (Chrono Boost)  
  17  0:55  Assimilator  
  18  1:03  Probe (Chrono Boost)  
  19  1:06  Pylon  
  19  1:12  Probe (Chrono Boost)  
  19  1:18  Probe  
  20  1:25  Cybernetics Core  
  21  1:30  Probe  
  22  1:34  Pylon  
  22  1:42  Probe  
  23  1:54  Probe  
  23  2:01  Warp Gate, Sentry (Chrono Boost)  
  26  2:06  Probe  
  27  2:20  Sentry (Chrono Boost)  
  27  2:22  Nexus  
  29  2:25  Probe  
  30  2:33  Robotics Facility  
  30  2:41  Shield Battery  
  31  2:48  Sentry (Chrono Boost)  
  32  2:55  Gateway  
  31  3:01  Gateway  
  31  3:04  Probe  
  32  3:11  Stalker (Chrono Boost)  
  32  3:16  Probe  
  35  3:22  Observer  
  35  3:26  Archon  
  32  3:38  Probe  
  30  3:42  Probe  
  30  3:46  Warp Prism (Chrono Boost)  
  29  3:50  Probe  
  29  3:53  Observer  
  29  3:54  Probe  
  33  3:59  Stalker  
  33  4:02  Probe  
  36  4:06  Probe  
  37  4:10  Stalker  
  37  4:14  Probe  
  40  4:19  Probe (Chrono Boost)  
  40  4:23  Stalker  
  45  4:32  Probe (Chrono Boost)  
  45  4:33  Probe (Chrono Boost)  
  45  4:35  Sentry  
  45  4:38  Sentry  
  49  4:39  Probe (Chrono Boost)  
  49  4:41  Probe (Chrono Boost)  
  49  4:44  Pylon  
  52  4:46  Observer  
  52  4:50  Probe (Chrono Boost)  
  52  4:51  Probe (Chrono Boost)  
  54  4:58  Pylon  
  54  5:01  Probe  
  54  5:02  Probe  
  54  5:06  Forge  
  56  5:11  Assimilator  
  56  5:13  Probe, Assimilator  
  56  5:14  Probe  
  58  5:17  Twilight Council  
  56  5:25  Probe  
  56  5:26  Probe, Pylon  
  58  5:34  Protoss Ground Weapons Level 1 (Chrono Boost)  
  58  5:37  Probe  
  58  5:39  Warp Prism (Chrono Boost)  
  61  5:45  Robotics Bay, Stalker x2  
  65  5:50  Blink  
  65  6:03  Pylon  
  65  6:12  Stalker x3  
  65  6:30  Probe  
  62  6:35  Stalker x3  
  66  6:40  Observer  
  66  6:41  Probe  
  67  6:47  Disruptor  
  70  7:07  Gateway, Stalker x3  
  76  7:09  Gateway  
  76  7:10  Gateway  
  76  7:21  Colossus (Chrono Boost)  
  76  7:24  Gateway  
  76  7:25  Pylon  
  82  7:36  Observer  
  82  7:37  Pylon, Stalker  
  82  7:38  Stalker  
  82  7:40  Pylon  
  82  7:44  Stalker x2  
  82  7:46  Pylon  
  86  8:12  Stalker x6  
  91  8:31  Pylon  
  81  8:35  Stalker x5  
  81  9:08  Stalker x6  
  83  9:15  Stalker  
  73  9:31  Zealot x6  
Tags
 
Add a new tag
Caveats
  • Supply blocks, unpowered buildings, or Contaminate may cause inaccurate times.
  • Supply counts are checked every 10 seconds.